 Dungeon Crawl Stone Soup version 0.28-a0-245-g639a1a48b9 (webtiles) character file.

Game seed: 10786997396298321537

403 siradein the Cudgeller (level 6, -10/82 HPs)
             Began as a Deep Dwarf Berserker on Aug 25, 2021.
             Was a Follower of Trog.
             Mangled by an ogre (16 damage)
             ... on level 4 of the Dungeon.
             The game lasted 00:07:23 (2433 turns).

siradein the Cudgeller (Deep Dwarf Berserker)       Turns: 2433, Time: 00:07:24

Health: -10/82     AC:  5    Str: 22    XL:     6   Next: 55%
Magic:  6/6        EV: 11    Int:  8    God:    Trog [*.....]
Gold:   125        SH:  0    Dex: 12    Spells: 5/5 levels left

rFire   + . .      SeeInvis .   a - +0 mace
rCold   . . .      Faith    .   (no shield)
rNeg    . . .      Spirit   .   p - +0 ring mail
rPois   .          Reflect  .   (no helmet)
rElec   .          Harm     .   (no cloak)
rCorr   .          Rampage  .   (no gloves)
Will    .....                   (no boots)
Stlth   ..........              (no amulet)
HPRegen 0.00/turn               l - ring of protection from fire
MPRegen 0.10/turn               (no ring)

@: berserking, very quick
A: damage resistance, heal wounds, sense surroundings 1, no regeneration
a: Heal Wounds, Renounce Religion, Berserk


You were on level 4 of the Dungeon.
You worshipped Trog.
Trog was aware of your devotion.
You visited 1 branch of the dungeon, and saw 4 of its levels.

You collected 125 gold pieces.

Inventory:

Hand Weapons
 a - a +0 mace (weapon)
Armour
 p - a +0 ring mail (worn)
Jewellery
 l - a ring of protection from fire (left hand)
Wands
 q - a wand of iceblast (13)
Scrolls
 d - 4 scrolls of identify {unknown}
 e - a scroll of acquirement {unknown}
 i - a scroll of noise {unknown}
 j - a scroll of immolation {unknown}
 k - 2 scrolls of teleportation {unknown}
 n - a scroll of amnesia {unknown}
 r - a scroll of torment {unknown}
Potions
 b - a potion of cancellation {unknown}
 c - a potion of mutation {unknown}
 f - a potion of curing {unknown}
 g - 2 potions of resistance {unknown}
 h - a potion of heal wounds {unknown}
 m - a potion of flight {unknown}
 o - a potion of ambrosia {unknown}


   Skills:
 - Level 2.6 Fighting
 + Level 7.5 Maces & Flails
 - Level 2.1 Armour
 - Level 2.1 Dodging


You had 5 spell levels left.
You didn't know any spells.
Your spell library was empty.

Dungeon Overview and Level Annotations

Branches:
Dungeon (4/15)
 Temple: D:4-7

Altars:

Shops:
D:2 ?

Annotations:
D:3 1 runed translucent door, Crazy Yiuf


Innate Abilities, Weirdness & Mutations

You are resistant to damage.
You can heal yourself by infusing magical energy.
You passively map a small area around you.
You do not regenerate.


Message History

You hit the hound.
You kill the hound!
Trog accepts your kill.
An endoplasm comes into view.
The endoplasm quivers.
An endoplasm is nearby!
An endoplasm is nearby!
An endoplasm is nearby!
An endoplasm is nearby!
Found a book of Cantrips.
The endoplasm barely misses you. The endoplasm freezes you.
You are frozen.
* * * LOW HITPOINT WARNING * * *
You hit the endoplasm.
The endoplasm is moderately wounded.
The endoplasm freezes you.
You are frozen.
You hit the endoplasm.
You kill the endoplasm!
Trog accepts your kill.
Found 18 stones.
An ogre comes into view. It is wielding a +0 giant spiked club.
The ogre shouts!
The ogre moves out of view.
An ogre is nearby!
An ogre is nearby!
An ogre is nearby!
A red film seems to cover your vision as you go berserk!
You feel yourself moving faster!
You feel mighty!
You feel a strong urge to attack something.
You thump the ogre!
The ogre is heavily wounded.
The ogre hits you with a +0 giant spiked club!
* * * LOW HITPOINT WARNING * * *
You barely miss the ogre.
The ogre is heavily wounded.
Your ring mail prevents you from hitting the ogre.
The ogre is heavily wounded.
The ogre hits you with a +0 giant spiked club!!
You die...

,
####......#.###.######.##
#.:....##.###........#
#.##.......##..####### #.
##......##..# #
###.(....#...#### , ,
................# *
,#.##.....#......# #
#.....#......# ,
#.....@......# ,
,#....##O.....# , ,
#######......# , #......#
, ......# *......# *
#######


You could see an ogre.

Vanquished Creatures
  Sigmund (D:3)
  A centaur (D:4)
  A hound (D:4)
  3 gnolls (D:3)
  3 adders
  4 worms
  An orc (D:3)
  7 ball pythons
  9 endoplasms
  5 giant cockroaches
  8 hobgoblins
  4 jackals (D:2)
  5 bats
  6 frilled lizards
  7 goblins
  5 kobolds
  5 rats
75 creatures vanquished.

Vanquished Creatures (others)
  A plant (D:1)
1 creature vanquished.

Grand Total: 76 creatures vanquished

Notes
Turn   | Place    | Note
-------+----------+-------------------------------------------
     0 | D:1      | siradein the Deep Dwarf Berserker began the quest for the
                  | Orb.
     0 | D:1      | Reached XP level 1. HP: 20/20 MP: 1/1
   111 | D:1      | Reached XP level 2. HP: 25/27 MP: 2/2
   369 | D:1      | Reached skill level 4 in Maces & Flails
   942 | D:2      | Reached ** piety under Trog
   952 | D:2      | Reached XP level 3. HP: 11/33 MP: 3/3
   960 | D:2      | Found Wawydo Woisi's Magic Scroll Shop.
  1300 | D:2      | Found a faded altar of an unknown god.
  1441 | D:2      | Reached XP level 4. HP: 18/40 MP: 4/4
  1575 | D:2      | Reached skill level 5 in Maces & Flails
  1859 | D:3      | Noticed Sigmund
  1875 | D:3      | Killed Sigmund
  1876 | D:3      | Reached skill level 6 in Maces & Flails
  1876 | D:3      | Reached XP level 5. HP: 16/46 MP: 5/5
  2005 | D:3      | Reached XP level 6. HP: 25/55 MP: 6/6
  2223 | D:3      | Found a runed translucent door.
  2224 | D:3      | Noticed Crazy Yiuf
  2302 | D:4      | Reached skill level 7 in Maces & Flails
  2433 | D:4      | Mangled by an ogre

Illustrated notes

Levels and vault maps discovered:
D:1:      wheals_arrival_shading, layout_basic, serial_bayou,
          serial_bayou_shore_a, serial_bayou_pond_e, serial_bayou_pond_b,
          serial_bayou_ford_a, serial_bayou_shore_b, serial_bayou_lagoon_a,
          minmay_distorted
D:2:      layout_loops_ring, shapermc_ecumenical_altar_petra, serial_shops,
          shop, grunt_ministairs_6
D:3:      layout_rooms, chequers_garden, uniq_crazy_yiuf_cottage, uniq_sigmund
D:4:      layout_rooms, nicolae_sif_muna_little_library,
          nicolae_overflow_crystal_walls, minmay_mini_ossuary, uniq_natasha

Skill      XL: |  1  2  3  4  5  6 |
---------------+-------------------+-----
Maces & Flails | 4 6 7 |  7.5
Fighting       | |  2.6
Armour         | |  2.1
Dodging        | |  2.1

Action                   |  1- 3 |  4- 6 || total
-------------------------+-------+-------++-------
Melee: Mace              |   147 |   113 ||   260
Invok: Trog's Hand       |     2 |     8 ||    10
       Berserk           |       |     3 ||     3
Armor: Animal skin       |    36 |     7 ||    43
       Leather armour    |       |    11 ||    11
       Ring mail         |       |    18 ||    18
Dodge: Dodged            |   118 |   110 ||   228

Table legend: (Time is in decaauts)
 A = Elapsed time spent in this place.
 B = Non-inter-level travel time spent in this place.
 C = Inter-level travel time spent in this place.
 D = Time resting spent in this place.
 E = Time spent auto-exploring this place.
 F = Levels seen in this place.
 G = Mean time per level.
                   A        B        C        D        E       F      G
               +--------+--------+--------+--------+--------+-----+--------+
         Total |   2524 |   2479 |     45 |     99 |   1586 |   4 |  631.0 |
       Dungeon |   2524 |   2479 |     45 |     99 |   1586 |   4 |  631.0 |
               +--------+--------+--------+--------+--------+-----+--------+

Top non-repeatable levels by time:
     D:1: 912 daAuts
     D:2: 836 daAuts
     D:3: 582 daAuts
     D:4: 192 daAuts
